cohdb
Replays
Latest Replays
All Replays
Popular Replays
Top Player Replays
Match Explorer
How It Works
Community
CoH3 Stats
Reddit
Sign in to upload your games and track your stats! →
Sign in with Steam
Match 45176460
Unlisted
Match 45176460
Overview
Messages
Build Orders
End
Construct Section Command Post
Construct Section Command Post
Infantry Section
Infantry Section
Infantry Section
Grenade Package
Selects Canadian Shock Battlegroup
Selects Attacking Spirit
Selects Canadian Shock Section
Canadian Shock Section
Construct Platoon Command Post
Selects Incendiary Munitions
Humber Armored Car
Construct Field Infirmary
Unlock M3 Stuart Light Tanks
Selects Pyrotechnics
M3 Stuart Light Tank
M3 Stuart Light Tank
M3 Stuart Light Tank
6-pounder Anti-tank Gun Team
M3 Stuart Light Tank
Vickers Machine Gun Team
6-pounder Anti-tank Gun Team
Infantry Section
Selects Churchill Crocodile Heavy Tank
Infantry Training
Churchill Crocodile Heavy Tank
Churchill Crocodile Heavy Tank
Soud
Goodvyn
0
0
Comments
sign in to comment!
No comments posted yet!